Map: 돌개바람 - 래더 (공허의 유산)

Players

chankim - Winner!

  • Race: Zerg Zerg
  • Spawn Location: 11:00

Teo

  • Race: Protoss Protoss
  • League: Diamond
  • Spawn Location: 1:00

VOD

Have the link to the VOD?

Description

Time

  • Played on: Jan. 18, 2017, 12:18 a.m.
  • Length: 9:27
Show
View Real Time Build Order
Export as new Build Order

chankim Zerg - Winner!

Build Orders: Hatch First 

Get SALT Encoding   

  12  0:01  Drone  
  13  0:12  Overlord  
  13  0:19  Drone  
  14  0:34  Drone  
  14  0:35  Drone  
  16  0:37  Drone  
  17  0:55  Hatchery  
  16  0:57  Drone  
  16  1:00  Extractor  
  16  1:01  Extractor  
  16  1:03  Drone  
  16  1:09  Drone  
  17  1:24  Drone  
  18  1:29  Spawning Pool  
  18  1:30  Drone  
  18  1:39  Drone  
  19  1:49  Evolution Chamber  
  19  1:50  Drone  
  19  2:11  Burrow  
  19  2:17  Zerg Melee Weapons Level 1  
  19  2:18  Drone x2  
  21  2:26  Pneumatized Carapace  
  21  2:28  Drone  
  22  2:31  Drone  
  23  2:45  Roach Warren  
  22  2:51  Overlord  
  22  3:25  Roach x3  
  22  3:26  Roach x3  
  34  3:39  Overlord  
  34  3:44  Roach  
  36  3:52  Spore Crawler  
  37  4:03  Roach  
  37  4:04  Roach  
  37  4:07  Overlord  
  39  4:16  Spore Crawler, Drone  
  39  4:17  Drone  
  40  4:21  Roach x2  
  44  4:28  Lair  
  44  4:38  Roach x2  
  48  4:51  Overlord  
  48  4:54  Roach x2  
  52  5:16  Roach x2  
  56  5:25  Overlord  
  56  5:28  Tunneling Claws  
  56  5:32  Zerg Missile Weapons Level 1  
  56  5:37  Infestation Pit  
  56  5:38  Drone  
  56  5:54  Roach x3  
  62  6:07  Overlord  
  62  6:15  Hive, Roach x20  
  62  6:18  Roach  
  64  6:32  Roach x2  
  64  6:41  Ravager  
  64  6:42  Roach x4  
  69  6:55  Roach x3  
  75  7:04  Overlord  
  75  7:16  Overlord  
  75  7:26  Roach  
  75  7:31  Roach  
  75  7:36  Roach x19  
  77  7:38  Roach x3  
  77  7:39  Roach  
  85  7:44  Roach x2  
  85  7:51  Roach x3  
  89  8:01  Roach x2  
  89  8:12  Roach x2  
  91  8:18  Roach  
  91  8:19  Roach x5  
  89  8:33  Roach x8  
  87  8:34  Roach  
  87  8:44  Roach x2  
  87  8:54  Roach  
  85  8:59  Roach x2  
  85  9:00  Roach x2  
  91  9:05  Overlord x2  
Show
View Real Time Build Order
Export as new Build Order

Teo Protoss 

Build Orders:  

Get SALT Encoding   

  12  0:00  Probe (Chrono Boost)  
  13  0:11  Probe (Chrono Boost)  
  14  0:20  Pylon  
  14  0:22  Probe (Chrono Boost)  
  15  0:38  Probe (Chrono Boost)  
  15  0:41  Gateway  
  16  0:49  Probe (Chrono Boost)  
  17  0:51  Assimilator  
  17  1:00  Probe (Chrono Boost)  
  18  1:10  Probe (Chrono Boost)  
  19  1:30  Cybernetics Core  
  19  1:35  Pylon  
  19  1:39  Probe (Chrono Boost)  
  20  1:43  Zealot  
  22  1:50  Probe (Chrono Boost)  
  23  1:58  Gateway  
  23  1:59  Warp Gate  
  23  2:10  Adept  
  25  2:18  Nexus  
  25  2:23  Assimilator  
  25  2:28  Probe (Chrono Boost)  
  26  2:40  Pylon  
  26  2:41  Mothership Core (Chrono Boost)  
  28  3:02  Gateway  
  28  3:04  Adept  
  30  3:10  Gateway  
  30  3:16  Pylon  
  30  3:40  Pylon  
  30  3:43  Gateway  
  30  4:04  Pylon  
  30  4:07  Robotics Facility  
  30  4:10  Probe (Chrono Boost)  
  30  4:12  Probe (Chrono Boost), Sentry x2  
  38  4:24  Probe x2 (Chrono Boost)  
  38  4:29  Stalker  
  40  4:39  Probe x2 (Chrono Boost)  
  42  4:49  Probe x2 (Chrono Boost)  
  44  4:54  Warp Prism  
  46  5:01  Probe x2 (Chrono Boost)  
  46  5:02  Stalker  
  46  5:04  Sentry x2  
  54  5:11  Probe (Chrono Boost)  
  54  5:12  Probe (Chrono Boost)  
  56  5:26  Probe (Chrono Boost)  
  58  5:28  Probe (Chrono Boost)  
  58  5:29  Sentry  
  58  5:30  Sentry  
  58  5:31  Observer  
  58  5:32  Gateway  
  58  5:33  Gateway  
  63  5:37  Probe (Chrono Boost)  
  64  5:43  Gateway  
  64  5:48  Probe (Chrono Boost)  
  65  5:50  Adept x2  
  69  5:58  Zealot  
  71  6:12  Stalker x2  
  71  6:13  Stalker  
  77  6:22  Pylon  
  77  6:24  Pylon  
  77  6:29  Probe (Chrono Boost)  
  78  6:37  Probe (Chrono Boost)  
  65  6:43  Immortal  
  55  6:50  Adept x2  
  55  7:03  Adept x5  
  65  7:22  Adept, Pylon, Sentry  
  67  7:23  Adept  
  67  7:29  Assimilator  
  69  7:41  Stalker x2  
  73  8:06  Pylon  
  73  8:09  Pylon  
  69  8:16  Zealot x5  
  69  8:17  Zealot  
  63  8:35  Cybernetics Core  
  53  8:46  Zealot x6  
  42  9:07  Zealot x2  
  41  9:12  Adept  
  41  9:13  Adept x3  
Tags
 
Add a new tag
Caveats
  • Supply blocks, unpowered buildings, or Contaminate may cause inaccurate times.
  • Supply counts are checked every 10 seconds.